 Dungeon Crawl Stone Soup version bcrawl-1.19.1 (webtiles) character file.

Game seed: 18171766220277999598

30182 Mrkan the Grappler (level 13, -2/131 HPs)
             Began as a Troll Monk on Nov 29, 2019.
             Was the Champion of Yredelemnul.
             Slain by Harold
             ... wielding a +1 trident of flaming
              (17 damage)
             ... on level 6 of the Lair of Beasts.
             The game lasted 00:27:46 (13981 turns).

Mrkan the Grappler (Troll Monk)                    Turns: 13981, Time: 00:27:47

Health: -2/131     AC: 12    Str: 22    XL:     13   Next: 19%
Magic:  20/20      EV:  9    Int: 11    God:    Yredelemnul [******]
Gold:   1160       SH: 11    Dex: 12    Spells: 12/12 levels left

rFire    + . .     SeeInvis .     - Unarmed
rCold    . . .     Gourm    +   P - +1 shield
rNeg     . . .     Faith    .   (armour unavailable)
rPois    .         Spirit   .   a - +1 hat
rElec    .         Reflect  .   v - +0 cloak
rCorr    .         Harm     .   (gloves unavailable)
MR       .....                  (boots unavailable)
Stlth    ++........             i - amulet of regeneration
HPRegen  1.51/turn              u - +5 ring of slaying
MPRegen  0.17/turn              y - ring of protection from fire

@: no status effects
A: large, almost no armour, unfitting armour, claws 3, fast metabolism 3,
gourmand, regeneration 2, AC +10
a: Recall Undead Slaves, Injury Mirror, Animate Dead, Drain Life, Enslave Soul,
Renounce Religion


You were on level 6 of the Lair of Beasts.
You worshipped Yredelemnul.
Yredelemnul was exalted by your worship.
You were completely stuffed.

You visited 2 branches of the dungeon, and saw 15 of its levels.

You collected 1208 gold pieces.
You spent 48 gold pieces at shops.

Inventory:

Armour
 a - a +1 hat (worn)
 v - a +0 cloak (worn)
 P - a +1 shield (worn)
Jewellery
 b - an uncursed amulet of guardian spirit
 i - an amulet of regeneration (around neck)
 o - an uncursed ring of wizardry
 u - a +5 ring of slaying (left claw)
 y - a ring of protection from fire (right claw)
 D - an uncursed amulet of rage
 E - an uncursed ring of protection from magic
 S - an uncursed ring of fire
Wands
 e - a wand of polymorph (15)
 t - a wand of disintegration (12)
 B - a wand of random effects (8)
 L - a wand of iceblast (14)
 O - a wand of paralysis (8)
 R - a wand of digging (10)
Scrolls
 g - a scroll of noise {unknown}
 h - 10 scrolls of teleportation
 l - 7 scrolls of remove curse
 p - a scroll of summoning {unknown}
 r - 2 scrolls of blinking
 s - 7 scrolls of identify
 w - a scroll of enchant armour
 A - a scroll of fear {unknown}
 F - 2 scrolls of fog
 I - 4 scrolls of immolation
 J - 2 scrolls of brand weapon
 M - 2 scrolls of enchant weapon
 N - 2 scrolls of magic mapping
Potions
 d - 2 potions of ambrosia {unknown}
 f - 6 potions of might
 j - 4 potions of brilliance {unknown}
 k - a potion of magic {unknown}
 m - 6 potions of curing
 n - 2 potions of haste {unknown}
 q - 3 potions of degeneration
 x - a potion of agility {unknown}
 z - a potion of experience {unknown}
 C - a potion of flight {unknown}
 G - 3 potions of lignification {unknown}
 H - a potion of resistance {unknown}
 K - 2 potions of mutation {unknown}
 T - a potion of heal wounds {unknown}
Comestibles
 c - 35 rations {!d}
 Q - 4 chunks of flesh


   Skills:
 - Level 9.0 Fighting
 - Level 2.4 Dodging
 - Level 1.1 Stealth
 + Level 5.8 Shields
 - Level 14.1 Unarmed Combat
 * Level 11.9 Invocations


You had 12 spell levels left.
You didn't know any spells.
Your spell library contained the following spells:

 Spells                   Type           Power        Failure   Level  Hunger
 Apportation              Tloc           #.....       56%         1    ##.....
 Beastly Appendage        Tmut           #.....       56%         1    ##.....
 Infusion                 Chrm           #.......     56%         1    ##.....
 Sandblast                Erth           #.....       56%         1    ##.....
 Shock                    Conj/Air       #....        56%         1    ##.....
 Slow                     Hex            #.......     56%         1    ##.....
 Summon Butterflies       Summ           #.......     56%         1    ##.....
 Ensorcelled Hibernation  Hex/Ice        #.....       71%         2    ###....
 Poisonous Vapours        Pois/Air       #.....       71%         2    ###....
 Sticks to Snakes         Tmut           #.......     71%         2    ###....
 Swiftness                Chrm/Air       #.......     71%         2    ###....
 Conjure Flame            Conj/Fire      #.......     90%         3    ####...
 Mephitic Cloud           Conj/Pois/Air  #.......     90%         3    ####...
 Spider Form              Tmut/Pois      #..          90%         3    ####...
 Static Discharge         Air            #.......     90%         3    ####...
 Airstrike                Air            #.........   100%        4    #####..
 Ice Form                 Ice/Tmut       #.......     100%        4    #####..
 Blade Hands              Tmut           #.........   100%        5    ######.
 Lightning Bolt           Conj/Air       #.........   100%        5    ######.
 Borgnjor's Vile Clutch   Necr/Erth      #.........   100%        6    #######
 Darkness                 Hex            #.........   100%        6    #######
 Freezing Cloud           Ice/Air        #.........   100%        6    #######
 Infestation              Hex/Tmut/Pois  #........    100%        6    #######
 Shadow Creatures         Summ           N/A          100%        6    #######
 Steam Barrier            Chrm/Fire      #.........   100%        6    #######
 Icicle Burst             Conj/Ice       #.........   100%        7    #######
 Chain Lightning          Conj/Air       #.........   100%        8    #######
 Ignition                 Fire           #.........   100%        8    #######
 Time Stop                Chrm/Tloc      N/A          100%        8    #######
 Shatter                  Erth           #.........   100%        9    #######
 Tornado                  Air            #.........   100%        9    #######


Dungeon Overview and Level Annotations

Branches:
Dungeon (9/12)             Temple (0/1) D:6            Lair (6/6) D:9
 Shoals (0/3) Lair:3        Snake (0/3) Lair:3        Slime (0/5) Lair:6
    Orc: D:8-11

Altars:
Fedhas
Kikubaaqudgha
Sif Muna
Vehumet
Xom
Yredelemnul
Zin
The Shining One
Jiyva

Shops:
D:6 ?*   D:9 :

Annotations:
Lair:3 exclusion: oklob plant
Lair:6 1 runed door, Harold


Innate Abilities, Weirdness & Mutations

You cannot wear most types of armour.
Your thick skin is tough. (AC +10)
You are too large for most types of armour.
You have claws for hands.
Your metabolism is lightning-fast.
You like to eat raw meat.
You heal very quickly.


Message History

Your phantasmal warrior hits something!!
The blink frog blinks!
Something barely misses your phantasmal warrior.
The yak gores you but does no damage. The yak gores you.
* * * LOW HITPOINT WARNING * * *
You claw the yak!
You kill the yak!
Yredelemnul accepts your kill. The yak closely misses you.
The alligator bites you!
* * * LOW HITPOINT WARNING * * *
The alligator tail-slaps you but does no damage.
The blink frog blinks!
Something hits your phantasmal warrior but does no damage.
The yak gores you!
* * * LOW HITPOINT WARNING * * *
Your skeletal warrior hits the yak with a cursed -1 halberd!
Your phantasmal warrior closely misses something.
Harold hits you from afar with a +1 trident of flaming!
You die...
Your body rises from the dead as a mindless zombie.

.§...........#
.%......§.....#
.......§.......#
...%.$.........#
.....§.....†....#P
......P.....F@....'.
......P....YtW....'.
.....P..P..Y@§#.
.#.P.P.P...zY†#.#..
#.....##.#.......W.#
..................#
.##.###.......P....#
.........###.PP...♣#
.....#...##..P.P##.#
.........#..##P....#
..#.........###..#.#


You could see Harold, an alligator, 3 yaks, a blink frog, a friendly skeletal
warrior and 2 friendly phantasmal warriors.

Vanquished Creatures
  Rupert (Lair:3)
  Kirke (Lair:5)
  A hydra (Lair:4)
  A two-headed ogre (D:9)
  A lindwurm (Lair:6)
  An oklob plant (Lair:6)
  4 black mambas
  A torpor snail (Lair:6)
  2 cane toads
  A rime drake (Lair:4)
  3 komodo dragons
  3 meliai (D:9)
  2 trolls
  2 blink frogs (Lair:6)
  5 hippogriffs
  4 dream sheep (Lair:6)
  14 yaks
  2 hogs (Lair:5)
  A basilisk (Lair:6)
  2 nagas (Lair:3)
  5 porcupines
  4 water moccasins
  8 crocodiles
  6 orc warriors
  A sky beast (D:5)
  2 ogres
  3 centaurs
  A necrophage (D:9)
  2 wolves (Lair:3)
  3 bullfrogs
  2 scorpions
  A killer bee (D:8)
  5 wights (D:8)
  2 electric eels
  3 howler monkeys
  A crimson imp (D:8)
  A gnoll shaman (D:6)
  3 bullfrog skeletons
  3 hounds
  4 jellies
  A quasit (D:6)
  6 orc priests
  A centaur zombie (D:5)
  Jessica (D:2)
  2 iguanas
  10 orc wizards
  5 worker ants
  A howler monkey zombie (D:9)
  Robin (D:2)
  A worker ant zombie (D:9)
  12 gnolls
  4 adders
  2 shadow imps
  An adder skeleton (D:6)
  2 dart slugs
  5 leopard geckos
  27 orcs
  4 giant cockroaches
  13 goblins
  9 hobgoblins
  6 jackals
  2 ball pythons
  7 bats
  2 frilled lizards (D:2)
  14 kobolds
  10 rats
  A butterfly (Lair:6)
  5 fungi
267 creatures vanquished.

Vanquished Creatures (collateral kills)
  7 hydras
  Psyche (D:9)
  An anaconda (Lair:6)
  Pikel (D:7)
  Maurice (D:8)
  7 elephants (Lair:5)
  A black mamba (Lair:6)
  3 cane toads
  A rime drake (Lair:3)
  3 komodo dragons
  4 blink frogs (Lair:6)
  A snapping turtle (Lair:3)
  6 dream sheep (Lair:6)
  2 hippogriffs
  Sigmund (D:3)
  A wyvern (Lair:3)
  A spriggan (D:8)
  3 hogs (Lair:5)
  11 yaks
  2 fire elementals (Lair:3)
  A hungry ghost (D:6)
  Duvessa (D:4)
  3 crocodiles
  A water moccasin (Lair:1)
  4 porcupines
  A sky beast (D:5)
  A phantom (D:9)
  3 slaves (D:7)
  2 ogres
  4 wolves (Lair:3)
  A centaur (D:8)
  4 bullfrogs
  Blork the orc (D:5)
  A scorpion (D:8)
  Dowan (D:4)
  A howler monkey (D:9)
  2 crimson imps
  4 orc priests
  A hound (D:9)
  3 orc wizards (D:7)
  An iguana (D:8)
  5 worker ants
  3 gnolls
  5 adders
  A shadow imp (D:7)
  31 orcs
  A bat (D:3)
  2 giant cockroaches
  2 hobgoblins (D:3)
  A jackal (D:3)
  A quokka (D:5)
  A kobold (D:3)
  A rat (D:3)
  4 butterflies
  11 fungi
  9 plants
177 creatures vanquished.

Vanquished Creatures (others)
  A phantasmal warrior (Lair:3)
  A vampire (Lair:6)
  3 flying skulls
  2 wraiths
  2 wights
  2 mummies (D:3)
  7 fungi
  5 plants
23 creatures vanquished.

Grand Total: 467 creatures vanquished

Notes
Turn   | Place    | Note
-------+----------+-------------------------------------------
     0 | D:1      | Mrkan the Troll Monk began the quest for the Orb.
     0 | D:1      | Reached XP level 1. HP: 22/22 MP: 1/1
   199 | D:1      | Reached XP level 2. HP: 24/29 MP: 2/2
   884 | D:2      | Found a radiant altar of Vehumet.
   886 | D:2      | Reached XP level 3. HP: 36/36 MP: 3/3
   893 | D:2      | Reached skill level 4 in Unarmed Combat
   932 | D:2      | Found a shimmering blue altar of Sif Muna.
  1165 | D:2      | Noticed Robin
  1176 | D:2      | Gained mutation: Your natural rate of healing is unusually
                  | fast. [Troll growth]
  1176 | D:2      | Reached XP level 4. HP: 33/45 MP: 2/4
  1190 | D:2      | Killed Robin
  1461 | D:2      | Noticed Jessica
  1464 | D:2      | Found a basalt altar of Yredelemnul.
  1467 | D:2      | Killed Jessica
  1471 | D:2      | Found a shimmering altar of Xom.
  1481 | D:2      | Became a worshipper of Yredelemnul the Dark
  1481 | D:2      | Reached * piety under Yredelemnul
  1481 | D:2      | Reached ** piety under Yredelemnul
  1698 | D:3      | Reached skill level 5 in Unarmed Combat
  1698 | D:3      | Reached XP level 5. HP: 53/53 MP: 5/5
  1793 | D:3      | Noticed Sigmund
  1798 | D:3      | Killed Sigmund
  1798 | D:3      | Reached skill level 6 in Unarmed Combat
  1798 | D:3      | Reached XP level 6. HP: 62/62 MP: 6/6
  2556 | D:4      | Noticed Dowan
  2561 | D:4      | Noticed Duvessa
  2564 | D:4      | Killed Dowan
  2571 | D:4      | Killed Duvessa
  2571 | D:4      | Reached XP level 7. HP: 51/70 MP: 3/7
  2611 | D:4      | Reached *** piety under Yredelemnul
  3009 | D:4      | Reached skill level 7 in Unarmed Combat
  3263 | D:5      | Entered Level 5 of the Dungeon
  3629 | D:5      | Noticed Blork the orc
  3634 | D:5      | Killed Blork the orc
  3991 | D:5      | Reached skill level 8 in Unarmed Combat
  4216 | D:6      | Reached skill level 5 in Fighting
  4299 | D:6      | Found a staircase to the Ecumenical Temple.
  4303 | D:6      | Found Qosujozu's Magic Scroll Emporium.
  4318 | D:6      | Reached XP level 8. HP: 80/80 MP: 8/8
  4438 | D:6      | Found Mdeuntito's Merry Market.
  4470 | D:6      | Bought a potion of might for 48 gold pieces
  4634 | D:6      | Noticed a troll
  4641 | D:6      | Killed a troll
  4641 | D:6      | Reached skill level 9 in Unarmed Combat
  4863 | D:7      | Noticed a troll
  4872 | D:7      | Killed a troll
  4879 | D:7      | Noticed Pikel
  4891 | D:7      | Killed Pikel
  4891 | D:7      | Reached skill level 10 in Unarmed Combat
  4891 | D:7      | Reached XP level 9. HP: 19/89 MP: 2/9
  5219 | D:7      | Reached **** piety under Yredelemnul
  5642 | D:7      | Found a glowing silver altar of Zin.
  5656 | D:7      | Reached skill level 11 in Unarmed Combat
  6103 | D:8      | Noticed Maurice
  6124 | D:8      | Killed Maurice
  6302 | D:8      | Reached XP level 10. HP: 102/102 MP: 10/10
  6433 | D:8      | Reached skill level 12 in Unarmed Combat
  6454 | D:8      | Found a runed door.
  6467 | D:8      | Found a runed door.
  7137 | D:9      | Found a glowing golden altar of the Shining One.
  7137 | D:9      | Noticed Psyche
  7142 | D:9      | Killed Psyche
  7189 | D:9      | Noticed a two-headed ogre
  7198 | D:9      | Killed a two-headed ogre
  7198 | D:9      | Reached skill level 13 in Unarmed Combat
  7265 | D:9      | Reached ***** piety under Yredelemnul
  7563 | D:9      | Found Dooxkuen's Book Shoppe.
  7896 | D:9      | Reached XP level 11. HP: 63/113 MP: 4/11
  8068 | D:9      | Found a staircase to the Lair.
  8486 | Lair:1   | Entered Level 1 of the Lair of Beasts
  8534 | Lair:1   | Reached skill level 14 in Unarmed Combat
  8636 | Lair:1   | Noticed a four-headed hydra
  8648 | Lair:1   | Killed a five-headed hydra
  9510 | Lair:2   | Reached skill level 1 in Shields
  9567 | Lair:2   | Noticed a five-headed hydra
  9575 | Lair:2   | Killed a five-headed hydra
  9630 | Lair:2   | Found a gate leading to a gauntlet.
 10219 | Lair:3   | Noticed a seven-headed hydra
 10228 | Lair:3   | Killed a seven-headed hydra
 10228 | Lair:3   | Reached skill level 5 in Invocations
 10546 | Lair:3   | Found a staircase to the Snake Pit.
 10593 | Lair:3   | Noticed Rupert
 10602 | Lair:3   | Killed Rupert
 10627 | Lair:3   | Found a blossoming altar of Fedhas.
 10644 | Lair:3   | Noticed an oklob plant
 11086 | Lair:3   | Found a staircase to the Shoals.
 11511 | Lair:4   | Noticed an eight-headed hydra
 11514 | Lair:4   | Gained mutation: You heal very quickly. [Troll growth]
 11514 | Lair:4   | Reached XP level 12. HP: 106/123 MP: 16/16
 11519 | Lair:4   | Killed an eight-headed hydra
 11709 | Lair:4   | Noticed a five-headed hydra
 11716 | Lair:4   | Killed an eight-headed hydra
 11933 | Lair:4   | Found a dark tunnel.
 12382 | Lair:5   | Noticed Kirke
 12394 | Lair:5   | Killed Kirke
 12609 | Lair:5   | Reached skill level 10 in Invocations
 12626 | Lair:5   | Found an ancient bone altar of Kikubaaqudgha.
 13456 | Lair:6   | Entered Level 6 of the Lair of Beasts
 13460 | Lair:6   | Noticed a five-headed hydra
 13460 | Lair:6   | Noticed an anaconda
 13462 | Lair:6   | Noticed a five-headed hydra
 13470 | Lair:6   | Killed an anaconda
 13470 | Lair:6   | Reached skill level 5 in Shields
 13474 | Lair:6   | Killed a five-headed hydra
 13478 | Lair:6   | Killed a six-headed hydra
 13513 | Lair:6   | Reached XP level 13. HP: 33/131 MP: 20/20
 13514 | Lair:6   | Reached ****** piety under Yredelemnul
 13848 | Lair:6   | Found a runed door.
 13849 | Lair:6   | Found a viscous altar of Jiyva.
 13851 | Lair:6   | Found a staircase to the Slime Pits.
 13958 | Lair:6   | Noticed Harold
 13981 | Lair:6   | Slain by Harold

Skill      XL: |  1  2  3  4  5  6  7  8  9 10 11 12 |
---------------+-------------------------------------+-----
Unarmed Combat | 4 5 6 8 10 11 13 14 | 14.1
Fighting       | 3 4 5 6 7 8 9 |  9.0
Invocations    | 7 11 | 11.9
Shields        | 3 5 |  5.8
Dodging        | |  2.4
Stealth        | |  1.1

Action                   |  1- 3 |  4- 6 |  7- 9 | 10-12 | 13-15 || total
-------------------------+-------+-------+-------+-------+-------++-------
Melee: Unarmed           |   117 |    95 |   223 |   354 |    44 ||   833
       Punch             |       |     1 |     9 |     8 |       ||    18
  Use: Scroll            |       |       |     6 |     7 |       ||    13
       Potion            |       |       |       |     1 |       ||     1
 Stab: Sleeping          |     2 |     1 |     2 |     2 |       ||     7
       Distracted        |       |       |     2 |     4 |       ||     6
  Eat: Chunk             |    13 |     7 |    24 |    41 |     6 ||    91
Armor: Skin              |    44 |    32 |    85 |   141 |    17 ||   319
Dodge: Dodged            |    69 |    60 |   117 |   140 |    23 ||   409
Block: Shield            |       |       |       |   102 |    26 ||   128
